 Dungeon Sprint DCSS version 0.17-a0-1923-gc35365e (webtiles) character file.

1937 Kidiri the Covert (level 8, -15/37 HPs)
             Began as a Spriggan Enchanter on Sept 28, 2015.
             Was a Believer of Dithmenos.
             Shot with an arrow by a centaur warrior (22 damage)
             ... in the Dungeon (Sprint III: "The Ten Rune Challenge").
             The game lasted 00:04:15 (551 turns).

Kidiri the Covert (Spriggan Enchanter)               Turns: 551, Time: 00:04:15

Health: -15/37     AC:  7    Str:  4    XL:     8   Next: 97%
Magic:  25/25      EV: 28    Int: 17    God:    Dithmenos [**....]
Gold:   26         SH:  0    Dex: 18    Spells: 8 memorised, 5 levels left

rFire  . . .     SeeInvis +     m - +4 dagger (speed)
rCold  . . .     Clarity  .     b - +1 robe
rNeg   . . .     SustAt   .     (shield restricted)
rPois  .         Gourm    .     (helmet restricted)
rElec  .         Spirit   .     l - +0 cloak
rCorr  .         Warding  .     (gloves unavailable)
rMut   .         NoTele   +     (boots unavailable)
MR     +....                    (no amulet)
Stlth  ++++++++..               (no ring)
                                (no ring)

@: wreathed by umbra, very quick, somewhat resistant to hostile enchantments,
extraordinarily stealthy
A: unfitting armour, fangs 1, rugged brown scales 1, slimy green scales 1, see
invisible, herbivore 3, speed 3, high mp 1, slow metabolism 2, wild magic 1,
evolution 1
a: Shadow Step, Renounce Religion


You were in the Dungeon.
You worshipped Dithmenos.
Dithmenos was pleased with you.
You were not hungry.

You visited 1 branch You collected 26 gold pieces.

Inventory:

Hand weapons
 m - a +4 dagger of speed (weapon)
Armour
 b - a +1 robe (worn)
 l - a +0 cloak (worn)
Magical devices
 c - a wand of digging (19)
Scrolls
 j - a scroll of blinking
 n - a scroll of torment {unknown}
 o - a scroll of fear
 p - a scroll of remove curse
 s - a scroll of immolation {unknown}
Potions
 e - 2 potions of curing
 g - a potion of haste
 h - 2 potions of magic
 i - 2 potions of berserk rage
 k - a potion of beneficial mutation {unknown}
 q - 4 potions of cure mutation
 r - 2 potions of might
 u - a potion of flight {unknown}
Comestibles
 d - 2 bread rations
 t - 2 royal jellies


   Skills:
 * Level 8.8 Short Blades
 + Level 4.1 Armour
 * Level 11.7 Dodging
 * Level 12.8 Stealth
 * Level 10.0 Spellcasting
 + Level 3.7 Conjurations
 + Level 7.6 Hexes
 + Level 4.8 Charms
 + Level 4.2 Ice Magic
 + Level 3.1 Air Magic
 - Level 2.5 Invocations


You had 5 spell levels left.
You knew the following spells:

 Your Spells              Type           Power        Failure   Level  Hunger
a - Corona                Hex            ######.      2%          1    None
b - Ensorcelled Hibernat  Hex/Ice        #####.       4%          2    None
c - Confuse               Hex            ######..     4%          3    None
d - Tukima's Dance        Hex            ######..     4%          3    None
e - Dazzling Spray        Conj/Hex       #####...     7%          3    None
f - Repel Missiles        Chrm/Air       ####..       7%          2    None
g - Static Discharge      Conj/Air       ####....     19%         3    None
h - Lightning Bolt        Conj/Air       ####......   83%         5    #####..


Dungeon Overview and Level Annotations

Branches:
Dungeon (1/1)

Altars:
Cheibriados
Dithmenos
Elyvilon
Fedhas
Gozag
Kikubaaqudgha
Makhleb
Nemelex Xobeh
Okawaru
Qazlal
Ru
Sif Muna
Trog
Vehumet
Xom
Yredelemnul
Zin
The Shining One
Jiyva
Lugonu


Innate Abilities, Weirdness & Mutations

You are tiny and cannot use many weapons and most armour.
You have supernaturally acute eyesight.
You are a herbivore.
You cover ground extremely quickly.
You need consume almost no food.
You have very sharp teeth.
You are partially covered in rugged brown scales (AC +1, +3% HP).
You are partially covered in slimy green scales (AC +2).
You have an increased reservoir of magic (+10% MP).
Your spells are a little harder to cast, but a little more powerful.
You evolve.


Message History

You feel much better.
The centaur shoots an arrow.
The arrow completely misses you.
The centaur warrior shoots an arrow.
The arrow hits you!!
Ouch! That really hurt!
* * * LOW HITPOINT WARNING * * *
Unknown command.
Casting: Dazzling Spray
Confirm with . or Enter, or press ? or * to list all spells.
Okay, then.
Casting: Dazzling Spray
Confirm with . or Enter, or press ? or * to list all spells.
Okay, then.
There is an open door here.
You enter the shallow water.
Moving in this stuff is going to be slow.
You close the door.
A centaur warrior opens the door.
The centaur warrior shoots an arrow.
The arrow hits you!!
Ouch! That really hurt!
You die...

##.############
#..#___#__[#__#
#..#)..#..)#._#
#..###+#+###+##
#..#..........#
...'.⌠÷.......#
...#...######'#
...#.⌠.#__#...#+#############
...#...#__#...#.@≈§cc.#.c...+
...#+###__#...#.#§§§#.#.#...#
)..#..:#__#...'.#.§.#.#.#cc.#
...#___#_.+...#.#§§.#...#c..#
▓▓▓▓▓▓▓▓▓▓▓▓▓▓▓▓▓▓▓▓▓▓▓▓▓▓▓▓#


You could see a centaur warrior and a centaur (wandering).

Vanquished Creatures
  Josephine (D)
  A deep elf priest (D)
  A shadow (D)
  A spatial vortex (D)
  A necrophage (D)
  An earth elemental (D)
  A water elemental (D)
  A jelly (D)
  Crazy Yiuf (D)
  Jessica (D)
  A necromancer (D)
  3 humans (D)
  A kobold demonologist (D)
  2 oozes (D)
  A rat (D)
18 creatures vanquished.

Vanquished Creatures (collateral kills)
  A wizard (D)
1 creature vanquished.

Vanquished Creatures (others)
  2 draconian scorchers (D)
  2 yaktaurs (D)
  A plant (D)
5 creatures vanquished.

Grand Total: 24 creatures vanquished

Notes
Turn   | Place    | Note
--------------------------------------------------------------
     0 | D        | Kidiri the Spriggan Enchanter began the quest for the Orb.
     0 | D        | Reached XP level 1. HP: 9/9 MP: 5/5
     9 | D        | Reached skill level 5 in Stealth
    11 | D        | Reached XP level 2. HP: 13/13 MP: 7/7
    21 | D        | Killed a yaktaur
    38 | D        | Noticed Jessica
    48 | D        | Killed Jessica
    48 | D        | Reached skill level 1 in Armour
    48 | D        | Reached skill level 5 in Dodging
    48 | D        | Reached skill level 6 in Stealth
    48 | D        | Reached XP level 3. HP: 16/16 MP: 6/9
    53 | D        | Learned a level 3 spell: Tukima's Dance
    56 | D        | Learned a level 2 spell: Ensorcelled Hibernation
    60 | D        | Learned a level 3 spell: Confuse
    90 | D        | Noticed Crazy Yiuf
    93 | D        | Killed Crazy Yiuf
    93 | D        | Reached skill level 7 in Stealth
    97 | D        | Reached skill level 5 in Spellcasting
    97 | D        | Reached skill level 1 in Ice Magic
    97 | D        | Reached XP level 4. HP: 21/21 MP: 10/12
   102 | D        | Learned a level 3 spell: Dazzling Spray
   136 | D        | Gained mutation: You have an increased reservoir of magic (+10% MP). [potion of mutation]
   136 | D        | Gained mutation: You evolve. [potion of mutation]
   137 | D        | Gained mutation: You possess an exceptional clarity of mind. [potion of mutation]
   137 | D        | Gained mutation: You have very sharp teeth. [potion of mutation]
   137 | D        | Gained mutation: Your spells are a little harder to cast, but a little more powerful. [potion of mutation]
   138 | D        | Gained mutation: You are partially covered in slimy green scales (AC +2). [potion of mutation]
   138 | D        | Lost mutation: You possess an exceptional clarity of mind. [potion of mutation]
   138 | D        | Gained mutation: Your flesh is cold resistant. [potion of mutation]
   139 | D        | Gained mutation: You are partially covered in rugged brown scales (AC +1, +3% HP). [potion of mutation]
   139 | D        | Lost mutation: Your flesh is cold resistant. [potion of mutation]
   146 | D        | Noticed a water elemental
   149 | D        | Killed a water elemental
   149 | D        | Reached skill level 8 in Stealth
   149 | D        | Reached skill level 5 in Hexes
   149 | D        | Reached XP level 5. HP: 24/24 MP: 15/15
   158 | D        | Noticed a jelly
   159 | D        | Noticed a shadow
   161 | D        | Killed a shadow
   161 | D        | Reached skill level 5 in Short Blades
   161 | D        | Reached skill level 9 in Stealth
   161 | D        | Reached skill level 1 in Conjurations
   161 | D        | Reached XP level 6. HP: 28/28 MP: 16/18
   165 | D        | Killed a jelly
   167 | D        | Killed a yaktaur
   170 | D        | Found a stormy altar of Qazlal.
   170 | D        | Noticed a spatial vortex
   171 | D        | Found a sacrificial altar of Ru.
   171 | D        | Found a burning altar of Makhleb.
   171 | D        | Found a viscous altar of Jiyva.
   171 | D        | Found a shimmering altar of Xom.
   171 | D        | Found a shadowy altar of Dithmenos.
   171 | D        | Found a sparkling altar of Nemelex Xobeh.
   171 | D        | Found a corrupted altar of Lugonu.
   171 | D        | Found an opulent altar of Gozag.
   175 | D        | Became a worshipper of Dithmenos the Shadowed
   188 | D        | Killed a spatial vortex
   188 | D        | Reached skill level 10 in Stealth
   188 | D        | Reached skill level 1 in Invocations
   261 | D        | Killed a white draconian scorcher
   298 | D        | Killed a white draconian scorcher
   315 | D        | Found a radiant altar of Vehumet.
   316 | D        | Noticed a wizard
   317 | D        | Found a deep blue altar of Sif Muna.
   317 | D        | Found an ancient bone altar of Kikubaaqudgha.
   322 | D        | Killed a wizard
   363 | D        | Learned a level 2 spell: Repel Missiles
   367 | D        | Learned a level 3 spell: Static Discharge
   377 | D        | Found a glowing silver altar of Zin.
   378 | D        | Found a glowing golden altar of the Shining One.
   378 | D        | Found a white marble altar of Elyvilon.
   378 | D        | Noticed a deep elf priest
   380 | D        | Killed a deep elf priest
   380 | D        | Reached skill level 10 in Dodging
   380 | D        | Reached skill level 11 in Stealth
   380 | D        | Reached skill level 1 in Air Magic
   380 | D        | Reached XP level 7. HP: 32/32 MP: 18/21
   396 | D        | Found an iron altar of Okawaru.
   397 | D        | Found a bloodstained altar of Trog.
   397 | D        | Noticed a human
   397 | D        | Noticed a human
   399 | D        | Killed a human
   400 | D        | Killed a human
   400 | D        | Acquired Dithmenos's first power
   400 | D        | Reached XP level 8. HP: 37/37 MP: 21/23
   422 | D        | Learned a level 5 spell: Lightning Bolt
   422 | D        | Found a snail-covered altar of Cheibriados.
   422 | D        | Noticed a necrophage
   423 | D        | Found a basalt altar of Yredelemnul.
   423 | D        | Found a blossoming altar of Fedhas.
   423 | D        | Noticed a necromancer
   427 | D        | Killed a necromancer
   428 | D        | Killed a necrophage
   474 | D        | Noticed Josephine
   477 | D        | Killed Josephine
   477 | D        | Reached skill level 12 in Stealth
   488 | D        | Noticed an earth elemental
   491 | D        | Killed an earth elemental
   491 | D        | Reached skill level 10 in Spellcasting
   539 | D        | Noticed a centaur
   539 | D        | Noticed a centaur warrior
   539 | D        | Noticed a centaur
   551 | D        | Shot with an arrow by a centaur warrior

Vault maps used:
D:        dungeon_sprint_mu

Action                   |  1- 3 |  4- 6 |  7- 9 || total
-------------------------+-------+-------+-------++-------
Melee: Dagger            |    11 |    13 |     4 ||    28
 Cast: Corona            |     1 |       |       ||     1
       Dazzling Spray    |       |     5 |     3 ||     8
       Tukima's Dance    |       |     1 |       ||     1
       Ensorcelled Hiber |       |     1 |       ||     1
       Static Discharge  |       |       |     2 ||     2
  Use: Potion            |       |     4 |     1 ||     5
       Scroll            |       |     2 |       ||     2
 Stab: Sleeping          |     5 |     4 |     4 ||    13
       Invisible         |       |     1 |       ||     1
